 Dungeon Crawl Stone Soup version 0.31-a0-222-gefeffbb62a (webtiles) character file.

Game seed: 17596998958575582550

2021 qw the Cleaver (level 9, -2/56 HPs)
             Began as a Gargoyle Fighter on July 4, 2023.
             Was an Initiate of Okawaru.
             Killed by divine providence
             ... invoked by an orc priest
              (13 damage)
             ... on level 7 of the Dungeon.
             The game lasted 00:03:27 (5362 turns).

qw the Cleaver (Gargoyle Fighter)                   Turns: 5362, Time: 00:03:28

Health: -2/56      AC: 30    Str: 23    XL:     9   Next: 23%
Magic:  9/9        EV:  8    Int: 14    God:    Okawaru [......]
Gold:   330        SH:  4    Dex:  9    Spells: 8/8 levels left

rFire   . . .        Y - +1 war axe
rCold   . . .        c - +0 buckler
rNeg    + . .        m - +0 chain mail
rPois   inf          e - +1 helmet
rElec   +            o - +4 cloak of Mirth {Int+4}
rCorr   .            s - +0 pair of gloves
SInv    .            k - +0 pair of boots
Will    .....        (no amulet) Stlth
                     p - +4 ring of protection
HPRegen 0.29/turn    (no ring)
MPRegen 0.11/turn

%: no passive effects
@: no status effects
A: sickness immunity, AC +6, negative energy resistance 1, electricity
resistance, torment resistance 1, petrification resistance
a: Renounce Religion


You were on level 7 of the Dungeon.
You worshipped Okawaru.
Okawaru was noncommittal.
You visited 2 branches of the dungeon, and saw 8 of its levels.

You collected 330 gold pieces.


Innate Abilities, Weirdness & Mutations

You are immune to sickness and miasma.
Your stone body is resilient. (AC +6)
You are immune to poison.
You resist negative energy. (rN+)
You are resistant to electric shocks. (rElec)
You are resistant to unholy torment.
You are immune to petrification.


   Skills:
 - Level 6.4 Fighting
 + Level 8.9 Axes
 - Level 2.3 Throwing
 - Level 5.0 Armour
 - Level 1.0 Dodging
 - Level 3.2 Shields


You had 8 spell levels left.
You didn't know any spells.
Your spell library was empty.

Inventory:

Hand Weapons
 t - a +4 flail of protection
 Y - a +1 war axe (weapon)
Missiles
 n - a javelin (quivered)
Armour
 c - a +0 buckler (worn)
 e - a +1 helmet (worn)
 k - a +0 pair of boots (worn)
 m - a +0 chain mail (worn)
 o - the +4 cloak of Mirth (worn) {Int+4}
   (You acquired it on level 5 of the Dungeon)

   Int:       It affects your intelligence (+4).
 s - a +0 pair of gloves (worn)
Jewellery
 l - a ring of ice
 p - a +4 ring of protection (left hand)
Scrolls
 f - a scroll of identify
Potions
 b - a potion of lignification {unknown}
 d - a potion of might
 g - a potion of degeneration {unknown}
 h - 3 potions of haste
 q - a potion of magic
 r - a potion of curing

Dungeon Overview and Level Annotations

Branches:
Dungeon (7/15)             Temple (1/1) D:6

Altars:
Elyvilon
Fedhas
Hepliaklqana
Kikubaaqudgha
Nemelex Xobeh
Okawaru
Qazlal
Ru
Sif Muna
Trog
Uskayaw
Vehumet
Wu Jian
Xom
Yredelemnul
The Shining One

Annotations:
D:3 1 runed translucent door, Crazy Yiuf


Message History

You kill the orc!
Okawaru accepts your kill.
You barely miss the white imp.
The white imp grins evilly.
The white imp hits you but does no damage.
You barely miss the white imp.
The white imp is heavily wounded.
The white imp hits you but does no damage.
You hit the white imp.
You kill the white imp!
Okawaru accepts your kill.
The orc priest mumbles some strange prayers to Beogh against you.
Beogh smites you!
Things that are here:
a +0 hand axe; an orc corpse
Enter note: You slash the orc priest!
The orc priest is severely wounded.
The orc priest hits you but does no damage.
You barely miss the orc priest.
The orc priest is severely wounded.
The orc priest invokes the aid of Beogh against you.
Pain shoots through your body!
You hit the orc priest but do no damage.
The orc priest is severely wounded.
The orc priest hits you but does no damage.
You closely miss the orc priest.
The orc priest is severely wounded.
The orc priest hits you but does no damage.
You barely miss the orc priest.
The orc priest is severely wounded.
The orc priest hits you but does no damage.
You closely miss the orc priest.
The orc priest is severely wounded.
You block the orc priest's attack.
You barely miss the orc priest.
The orc priest is severely wounded.
The orc priest calls down the wrath of Beogh upon you.
Beogh smites you!
You die...

##...........
##......>..... .
..... .. #......
... .......
....### #.......
.......#.$.$....
........o........
.5.. ##@##......
.....##.).)......
..........)......
......#.)))...$.#
..#.##..).)[.#..#
# #...)))..# ..
#.........# .
#.......#....
##?...........#


You could see an orc priest.

Vanquished Creatures
  Menkaure (D:7)
  Edmund (D:6)
  A water moccasin (D:6)
  An orc warrior (D:7)
  An ogre (D:7)
  2 black bears
  A centaur (D:5)
  A phantom (D:6)
  2 bullfrogs
  A scorpion (D:4)
  A gnoll bouda (D:4)
  A quasit (D:5)
  2 jellies (D:6)
  3 orc priests
  4 hounds
  2 iguanas (D:6)
  Ijyb (D:2)
  Natasha (twice) (D:2)
  Terence (D:3)
  4 sleepcaps
  3 orc wizards (D:7)
  6 adders
  3 gnolls (D:4)
  4 shadow imps
  8 white imps
  An ufetubus (D:5)
  5 worms
  2 dart slugs
  25 orcs
  A bat zombie (D:2)
  6 endoplasms
  7 giant cockroaches
  13 goblins
  4 hobgoblins
  7 jackals
  4 quokkas
  6 ball pythons
  3 ball python skeletons (D:2)
  A ball python zombie (D:2)
  3 bats
  2 frilled lizards (D:2)
  A giant cockroach zombie (D:2)
  4 kobolds
  9 rats
161 creatures vanquished.

Notes
Turn   | Place    | Note
-------+----------+-------------------------------------------
     0 | D:1      | qw the Gargoyle Fighter began the quest for the Orb.
     0 | D:1      | Reached XP level 1. HP: 14/14 MP: 1/1
     0 | D:1      | 0 ||| qw: Version: 0.3-a-46-gb1f654a
     0 | D:1      | 0 ||| qw: Game counter: 925
     0 | D:1      | 0 ||| qw: Melee chars always use a shield: true
     0 | D:1      | 0 ||| qw: God list: Okawaru
     0 | D:1      | 0 ||| qw: Allow faded altars: false
     0 | D:1      | 0 ||| qw: Do Orc after clearing Dungeon:15 true
     0 | D:1      | 0 ||| qw: Do second Lair branch before Depths: true
     0 | D:1      | 0 ||| qw: Lair rune preference: random
     0 | D:1      | 0 ||| qw: Goals: Normal, Zot:1-4, Slime:5, God:TSO, Crypt,
                  | Tomb, Abyss, Pan, Hells, Win
     0 | D:1      | 0 ||| PLANNING D:1-11
    43 | D:1      | Reached skill level 2 in Axes
   128 | D:1      | Reached XP level 2. HP: 18/19 MP: 2/2
   145 | D:1      | 145 ||| DROPPING +0 whip.
   170 | D:1      | Found a faded altar of an unknown god.
   442 | D:1      | 442 ||| Stepping ~*~*~tactically~*~*~ (hiding).
   665 | D:1      | 665 ||| UPGRADING to +0 chain mail.
   675 | D:1      | 675 ||| DROPPING +0 scale mail.
   676 | D:1      | 676 ||| READING scroll labelled XONKIT ICELEU.
   677 | D:1      | 677 ||| READING scroll labelled XIREID CUETS.
   678 | D:1      | 678 ||| READING scroll labelled OFUIRA XALIRU.
   679 | D:1      | 679 ||| READING scroll labelled ECROSH SOASO.
   680 | D:1      | 680 ||| READING scroll labelled ZIDGHOD DICLOO.
   681 | D:1      | 681 ||| READING scroll labelled KYREUBR AHEARGH.
   709 | D:2      | 709 ||| STAIRDANCE
   713 | D:1      | Reached skill level 3 in Axes
   773 | D:2      | 773 ||| Stepping ~*~*~tactically~*~*~ (stealth).
   792 | D:2      | Reached XP level 3. HP: 23/23 MP: 3/3
  1011 | D:2      | 1011 ||| Stepping ~*~*~tactically~*~*~ (stealth).
  1035 | D:2      | Noticed Natasha
  1039 | D:2      | Killed Natasha
  1040 | D:2      | Reached skill level 4 in Axes
  1040 | D:2      | Reached XP level 4. HP: 28/28 MP: 4/4
  1150 | D:2      | 1150 ||| Stepping ~*~*~tactically~*~*~ (stealth).
  1186 | D:2      | 1186 ||| Stepping ~*~*~tactically~*~*~ (stealth).
  1187 | D:2      | 1187 ||| Stepping ~*~*~tactically~*~*~ (stealth).
  1188 | D:2      | 1188 ||| Stepping ~*~*~tactically~*~*~ (stealth).
  1208 | D:2      | Noticed a black bear
  1220 | D:2      | Killed a black bear
  1221 | D:2      | Reached skill level 5 in Axes
  1221 | D:2      | Reached XP level 5. HP: 18/32 MP: 5/5
  1304 | D:2      | 1304 ||| Stepping ~*~*~tactically~*~*~ (hiding).
  1691 | D:2      | 1691 ||| UPGRADING to +0 helmet.
  1696 | D:2      | 1696 ||| READING scroll of enchant armour.
  1696 | D:2      | 1696 ||| ENCHANTING +0 helmet.
  1697 | D:2      | 1697 ||| READING scroll labelled JEBUGOOLL.
  1741 | D:3      | 1741 ||| STAIRDANCE
  1813 | D:3      | Noticed Terence
  1822 | D:3      | Killed Terence
  1823 | D:3      | Reached XP level 6. HP: 29/38 MP: 6/6
  1827 | D:3      | 1827 ||| Stepping ~*~*~tactically~*~*~ (stealth).
  1830 | D:3      | 1830 ||| Stepping ~*~*~tactically~*~*~ (stealth).
  1831 | D:3      | 1831 ||| Stepping ~*~*~tactically~*~*~ (stealth).
  1846 | D:3      | 1846 ||| Stepping ~*~*~tactically~*~*~ (stealth).
  1876 | D:3      | 1876 ||| DROPPING +0 mace.
  2054 | D:3      | 2054 ||| Stepping ~*~*~tactically~*~*~ (stealth).
  2162 | D:3      | Noticed Ijyb
  2163 | D:3      | 2163 ||| Stepping ~*~*~tactically~*~*~ (hiding).
  2172 | D:3      | 2172 ||| FLEEEEING.
  2173 | D:3      | 2173 ||| FLEEEEING.
  2174 | D:3      | 2174 ||| FLEEEEING.
  2175 | D:3      | 2175 ||| FLEEEEING.
  2176 | D:3      | 2176 ||| FLEEEEING.
  2177 | D:3      | 2177 ||| FLEEEEING.
  2178 | D:3      | 2178 ||| FLEEEEING.
  2179 | D:3      | 2179 ||| FLEEEEING.
  2180 | D:3      | 2180 ||| FLEEEEING.
  2181 | D:3      | 2181 ||| FLEEEEING.
  2182 | D:3      | 2182 ||| FLEEEEING.
  2183 | D:3      | 2183 ||| FLEEEEING.
  2184 | D:3      | 2184 ||| FLEEEEING.
  2185 | D:3      | 2185 ||| FLEEEEING.
  2186 | D:3      | 2186 ||| FLEEEEING.
  2187 | D:3      | 2187 ||| FLEEEEING.
  2188 | D:3      | 2188 ||| FLEEEEING.
  2189 | D:3      | 2189 ||| FLEEEEING.
  2190 | D:3      | 2190 ||| FLEEEEING.
  2191 | D:3      | 2191 ||| FLEEEEING.
  2192 | D:3      | 2192 ||| FLEEEEING.
  2193 | D:3      | 2193 ||| FLEEEEING.
  2194 | D:3      | 2194 ||| FLEEEEING.
  2195 | D:3      | 2195 ||| FLEEEEING.
  2196 | D:3      | 2196 ||| FLEEEEING.
  2197 | D:3      | 2197 ||| FLEEEEING.
  2198 | D:3      | 2198 ||| FLEEEEING.
  2199 | D:3      | 2199 ||| FLEEEEING.
  2200 | D:3      | 2200 ||| FLEEEEING.
  2201 | D:3      | 2201 ||| FLEEEEING.
  2202 | D:3      | 2202 ||| FLEEEEING.
  2204 | D:3      | 2204 ||| FLEEEEING.
  2205 | D:3      | 2205 ||| FLEEEEING.
  2218 | D:3      | 2218 ||| FLEEEEING.
  2229 | D:3      | 2229 ||| FLEEEEING.
  2230 | D:3      | 2230 ||| FLEEEEING.
  2231 | D:3      | 2231 ||| FLEEEEING.
  2232 | D:3      | 2232 ||| FLEEEEING.
  2235 | D:3      | 2235 ||| FLEEEEING.
  2236 | D:3      | 2236 ||| FLEEEEING.
  2237 | D:3      | 2237 ||| FLEEEEING.
  2238 | D:3      | 2238 ||| FLEEEEING.
  2239 | D:3      | 2239 ||| FLEEEEING.
  2240 | D:3      | 2240 ||| FLEEEEING.
  2241 | D:3      | 2241 ||| FLEEEEING.
  2242 | D:3      | 2242 ||| FLEEEEING.
  2243 | D:3      | 2243 ||| FLEEEEING.
  2245 | D:3      | 2245 ||| FLEEEEING.
  2246 | D:3      | 2246 ||| FLEEEEING.
  2247 | D:3      | 2247 ||| FLEEEEING.
  2248 | D:3      | 2248 ||| FLEEEEING.
  2249 | D:3      | 2249 ||| FLEEEEING.
  2250 | D:3      | 2250 ||| FLEEEEING.
  2251 | D:3      | 2251 ||| FLEEEEING.
  2252 | D:3      | 2252 ||| FLEEEEING.
  2253 | D:3      | 2253 ||| FLEEEEING.
  2254 | D:3      | 2254 ||| FLEEEEING.
  2255 | D:3      | 2255 ||| FLEEEEING.
  2256 | D:3      | 2256 ||| FLEEEEING.
  2258 | D:3      | 2258 ||| FLEEEEING.
  2261 | D:3      | 2261 ||| FLEEEEING.
  2262 | D:3      | 2262 ||| FLEEEEING.
  2263 | D:3      | 2263 ||| FLEEEEING.
  2264 | D:3      | 2264 ||| FLEEEEING.
  2265 | D:3      | 2265 ||| FLEEEEING.
  2266 | D:3      | 2266 ||| STAIRDANCE
  2280 | D:2      | 2280 ||| READING scroll labelled NOIKLA DICKO.
  2281 | D:2      | 2281 ||| READING 2 scrolls of identify.
  2281 | D:2      | 2281 ||| IDENTIFYING bubbling cyan potion
  2282 | D:2      | Noticed Natasha
  2291 | D:3      | 2291 ||| FLEEEEING.
  2292 | D:3      | 2292 ||| FLEEEEING.
  2293 | D:3      | 2293 ||| STAIRDANCE
  2295 | D:2      | 2295 ||| FLEEEEING.
  2296 | D:2      | 2296 ||| FLEEEEING.
  2297 | D:2      | 2297 ||| FLEEEEING.
  2298 | D:2      | 2298 ||| FLEEEEING.
  2299 | D:2      | 2299 ||| FLEEEEING.
  2300 | D:2      | 2300 ||| FLEEEEING.
  2301 | D:2      | 2301 ||| FLEEEEING.
  2302 | D:2      | 2302 ||| FLEEEEING.
  2303 | D:2      | 2303 ||| FLEEEEING.
  2304 | D:2      | 2304 ||| FLEEEEING.
  2305 | D:2      | 2305 ||| FLEEEEING.
  2306 | D:2      | 2306 ||| FLEEEEING.
  2307 | D:2      | 2307 ||| FLEEEEING.
  2308 | D:2      | 2308 ||| FLEEEEING.
  2309 | D:2      | 2309 ||| FLEEEEING.
  2310 | D:2      | 2310 ||| FLEEEEING.
  2311 | D:2      | 2311 ||| FLEEEEING.
  2312 | D:2      | 2312 ||| FLEEEEING.
  2313 | D:2      | 2313 ||| FLEEEEING.
  2314 | D:2      | 2314 ||| FLEEEEING.
  2315 | D:2      | 2315 ||| FLEEEEING.
  2316 | D:2      | 2316 ||| FLEEEEING.
  2316 | D:2      | HP: 6/38 [cerulean imp/+2 spear[Natasha] (4)]
  2317 | D:2      | 2317 ||| DRINKING potion of heal wounds.
  2318 | D:2      | 2318 ||| FLEEEEING.
  2319 | D:2      | 2319 ||| FLEEEEING.
  2320 | D:2      | 2320 ||| FLEEEEING.
  2321 | D:2      | 2321 ||| FLEEEEING.
  2322 | D:2      | 2322 ||| FLEEEEING.
  2323 | D:2      | 2323 ||| FLEEEEING.
  2349 | D:2      | Killed Natasha
  2457 | D:3      | 2457 ||| STAIRDANCE
  2463 | D:2      | Killed Ijyb
  2777 | D:3      | Found a runed translucent door.
  2778 | D:3      | Noticed Crazy Yiuf
  3059 | D:4      | Found an ornate altar of the Wu Jian Council.
  3130 | D:4      | 3130 ||| Stepping ~*~*~tactically~*~*~ (hiding).
  3132 | D:4      | 3132 ||| Stepping ~*~*~tactically~*~*~ (hiding).
  3133 | D:4      | 3133 ||| Stepping ~*~*~tactically~*~*~ (hiding).
  3134 | D:4      | 3134 ||| Stepping ~*~*~tactically~*~*~ (hiding).
  3135 | D:4      | 3135 ||| Stepping ~*~*~tactically~*~*~ (hiding).
  3136 | D:4      | 3136 ||| Stepping ~*~*~tactically~*~*~ (hiding).
  3142 | D:4      | Reached skill level 6 in Axes
  3205 | D:4      | 3205 ||| UPGRADING to +0 pair of boots.
  3211 | D:4      | Reached skill level 1 in Dodging
  3222 | D:4      | 3222 ||| Stepping ~*~*~tactically~*~*~ (hiding).
  3223 | D:4      | 3223 ||| Stepping ~*~*~tactically~*~*~ (hiding).
  3228 | D:4      | Reached skill level 1 in Throwing
  3228 | D:4      | Reached XP level 7. HP: 43/43 MP: 7/7
  3239 | D:4      | 3239 ||| Stepping ~*~*~tactically~*~*~ (hiding).
  3291 | D:4      | Found an ancient bone altar of Kikubaaqudgha.
  3291 | D:4      | Found a blossoming altar of Fedhas.
  3363 | D:4      | 3363 ||| Stepping ~*~*~tactically~*~*~ (hiding).
  3364 | D:4      | 3364 ||| FLEEEEING.
  3366 | D:4      | 3366 ||| Stepping ~*~*~tactically~*~*~ (hiding).
  3379 | D:4      | HP: 8/43 [gnoll/+0 halberd[a gnoll bouda] (8)]
  3380 | D:4      | 3380 ||| READING 2 scrolls of teleportation.
  3381 | D:4      | 3381 ||| DRINKING potion of heal wounds.
  3489 | D:4      | 3489 ||| Stepping ~*~*~tactically~*~*~ (hiding).
  3491 | D:4      | 3491 ||| Stepping ~*~*~tactically~*~*~ (stealth).
  3492 | D:4      | 3492 ||| Stepping ~*~*~tactically~*~*~ (hiding).
  3493 | D:4      | 3493 ||| Stepping ~*~*~tactically~*~*~ (hiding).
  3494 | D:4      | 3494 ||| Stepping ~*~*~tactically~*~*~ (stealth).
  3657 | D:4      | 3657 ||| DRINKING 2 puce potions.
  3678 | D:5      | Entered Level 5 of the Dungeon
  3749 | D:5      | 3749 ||| Stepping ~*~*~tactically~*~*~ (hiding).
  3750 | D:5      | 3750 ||| Stepping ~*~*~tactically~*~*~ (hiding).
  3752 | D:5      | 3752 ||| Stepping ~*~*~tactically~*~*~ (hiding).
  3761 | D:5      | Reached skill level 7 in Axes
  3938 | D:5      | Reached XP level 8. HP: 49/50 MP: 8/8
  4152 | D:5      | 4152 ||| Stepping ~*~*~tactically~*~*~ (hiding).
  4357 | D:5      | Found a faded altar of an unknown god.
  4357 | D:5      | Found a faded altar of an unknown god.
  4358 | D:5      | 4358 ||| Stepping ~*~*~tactically~*~*~ (stealth).
  4360 | D:5      | 4360 ||| Stepping ~*~*~tactically~*~*~ (hiding).
  4382 | D:5      | Found a hazy altar of Hepliaklqana.
  4395 | D:5      | 4395 ||| DROPPING ring of flight.
  4396 | D:5      | 4396 ||| READING scroll labelled VALOUL NUONLEA.
  4396 | D:5      | Identified a scroll of acquirement
  4396 | D:5      | 4396 ||| ACQUIRING +4 cloak of Mirth {Int+4}
  4396 | D:5      | Acquired the +4 cloak of Mirth {Int+4}
  4398 | D:5      | 4398 ||| UPGRADING to +4 cloak of Mirth {Int+4}.
  4403 | D:5      | 4403 ||| DRINKING 2 ruby potions.
  4448 | D:6      | 4448 ||| Stepping ~*~*~tactically~*~*~ (hiding).
  4576 | D:6      | Found a staircase to the Ecumenical Temple.
  4577 | D:6      | 4577 ||| PLANNING TEMPLE
  4585 | Temple   | Entered the Ecumenical Temple
  4622 | Temple   | 4622 ||| PLANNING D:1-11
  4676 | D:6      | 4676 ||| Stepping ~*~*~tactically~*~*~ (stealth).
  4859 | D:6      | Found a bloodstained altar of Trog.
  4917 | D:6      | Found a white marble altar of Elyvilon.
  4995 | D:6      | Reached skill level 8 in Axes
  5072 | D:6      | Noticed Edmund
  5099 | D:6      | Killed Edmund
  5100 | D:6      | Reached skill level 6 in Fighting
  5158 | D:6      | 5158 ||| DROPPING +0 flail.
  5193 | D:6      | Found an iron altar of Okawaru.
  5194 | D:6      | 5194 ||| PLANNING OKAWARU WORSHIP
  5194 | D:6      | 5194 ||| UPGRADING to +0 pair of gloves.
  5199 | D:6      | 5199 ||| UPGRADING to +4 ring of protection.
  5200 | D:6      | 5200 ||| DRINKING 2 metallic silvery potions.
  5203 | D:6      | Became a worshipper of Warmaster Okawaru
  5204 | D:6      | 5204 ||| PLANNING D:1-11
  5277 | D:7      | HP: 13/52 [orc priest/divine providence (15)]
  5278 | D:7      | 5278 ||| READING scroll of teleportation.
  5279 | D:7      | 5279 ||| DRINKING 2 potions of heal wounds.
  5285 | D:7      | Noticed Menkaure
  5292 | D:7      | Reached XP level 9. HP: 17/56 MP: 9/9
  5298 | D:7      | HP: 11/56 [orc wizard/magic dart (6)]
  5299 | D:7      | 5299 ||| DRINKING potion of heal wounds.
  5311 | D:7      | Killed Menkaure
  5335 | D:7      | 5335 ||| Stepping ~*~*~tactically~*~*~ (stealth).
  5337 | D:7      | 5337 ||| Stepping ~*~*~tactically~*~*~ (stealth).
  5338 | D:7      | 5338 ||| Stepping ~*~*~tactically~*~*~ (stealth).
  5339 | D:7      | 5339 ||| Stepping ~*~*~tactically~*~*~ (hiding).
  5340 | D:7      | 5340 ||| Stepping ~*~*~tactically~*~*~ (hiding).
  5342 | D:7      | 5342 ||| Stepping ~*~*~tactically~*~*~ (hiding).
  5355 | D:7      | HP: 11/56 [orc priest/divine providence (14)]
  5362 | D:7      | Killed from afar by an orc priest

Levels and vault maps discovered:
D:1:      nicolae_arrival_memento_mori, layout_loops_ring,
          ebering_ecumenical_altar_sacrificial
D:2:      layout_loops_cross, serial_undead, serial_undead_f, serial_undead_d,
          serial_undead_e, serial_undead_b, uniq_natasha
D:3:      layout_basic, uniq_terence, uniq_crazy_yiuf_cottage, uniq_ijyb
D:4:      layout_rooms, grunt_temple_overflow_growth_and_decay,
          nicolae_wu_jian_wuxing_cycle, serial_glass, glass_columns_c,
          glass_columns_c, glass_columns_b, glass_columns_a,
          due_unseen_surprise, minmay_strange_pillars, item_on_display_a,
          item_on_display_a, grunt_decor_fettered
D:5:      layout_gridville, nicolae_hepliaklqana_ecumenical_no_more,
          serial_demonic, serial_demonic_d, serial_demonic_d, serial_demonic_a,
          serial_demonic_b
D:6:      layout_basic, kennysheep_mini, mainiacjoe_overflow_boulevard,
          nicolae_elyvilon_peaceful_grove, minmay_temple_entry_butterflies,
          uniq_edmund
D:7:      layout_cave_pools, zin_scriptorium, lemuel_doored_altar, uniq_menkaure
Temple:   nicolae_temple_ecumenical_triangle

Skill      XL: |  1  2  3  4  5  6  7  8 |
---------------+-------------------------+-----
Axes           | 2 3 4 5 6 7 8 |  8.9
Fighting       | 4 5 6 |  6.4
Dodging        | 1 |  1.0
Throwing       | 1 2 |  2.3
Armour         | 5 |  5.0
Shields        | |  3.2

Action                     |  1- 3 |  4- 6 |  7- 9 || total
---------------------------+-------+-------+-------++-------
  Melee: War axe           |   104 |   160 |   241 ||   505
         Unarmed           |       |     5 |       ||     5
  Throw: Javelin           |       |     3 |    10 ||    13
    Use: Scroll            |     6 |     4 |     3 ||    13
         Potion            |       |     1 |     6 ||     7
 Armour: Scale mail        |    24 |       |       ||    24
         Chain mail        |    39 |   116 |   217 ||   372
         Skin              |       |     3 |       ||     3
  Dodge: Dodged            |    41 |    63 |   134 ||   238
  Block: Buckler           |    25 |    34 |    68 ||   127

Table legend:
 A = Non-vault XP
 B = Vault XP
 C = Vault XP percentage of total XP
 D = Non-vault monster count
 E = Vault monster count
 F = Vault count percentage of total count
                 A         B        C        D         E       F
            +---------+---------+-------+---------+---------+-------
      Total |    2297 |     591 |  20.5 |     141 |      20 |  12.4
            +---------+---------+-------+---------+---------+-------
        D:1 |      30 |       0 |   0.0 |      17 |       0 |   0.0
        D:2 |     245 |      79 |  24.4 |      27 |       8 |  22.9
        D:3 |      50 |      36 |  41.9 |      22 |       1 |   4.3
        D:4 |     445 |       0 |   0.0 |      26 |       0 |   0.0
        D:5 |     378 |     127 |  25.1 |      12 |       9 |  42.9
        D:6 |     588 |     166 |  22.0 |      11 |       1 |   8.3
        D:7 |     561 |     183 |  24.6 |      26 |       1 |   3.7
            +---------+---------+-------+---------+---------+-------
